 Dungeon Crawl Stone Soup version 0.29.0-11-gd7f09526c8 (webtiles) character file.

Game seed: 1186436682789142662

7 Armakuni the Sneak (level 1, -3/18 HPs)
             Began as a Demigod Delver on Sept 2, 2022.
             Slain by an iguana (7 damage)
             ... on level 4 of the Dungeon.
             The game lasted 00:03:13 (654 turns).

Armakuni the Sneak (Demigod Delver)                  Turns: 654, Time: 00:03:13

Health: -3/18      AC:  3    Str: 13    XL:     1   Next: 73%
Magic:  3/3        EV: 11    Int: 18    God:
Gold:   19         SH:  0    Dex: 15    Spells: 0/0 levels left

rFire   . . .      SeeInvis +   a - +1 quarterstaff
rCold   . . .      Faith    .   (shield currently unavailable)
rNeg    . . .      Spirit   .   b - +0 leather armour
rPois   .          Reflect  .   (no helmet)
rElec   .          Harm     .   (no cloak)
rCorr   .          Rampage  .   (no gloves)
Will    .....                   (no boots)
Stlth   +++.......              (no amulet)
HPRegen 0.06/turn               I - +6 ring of intelligence
MPRegen 0.08/turn               N - ring of see invisible

@: no status effects
A: high MP 1, forlorn, divine attributes
a: no special abilities


You were on level 4 of the Dungeon.
You visited 1 branch of the dungeon, and saw 4 of its levels.

You collected 19 gold pieces.

Inventory:

Hand Weapons
 a - a +1 quarterstaff (weapon)
Armour
 b - a +0 leather armour (worn)
Jewellery
 I - a +6 ring of intelligence (left hand)
 N - a ring of see invisible (right hand)
Wands
 g - a wand of digging (3)
Scrolls
 c - a scroll of fog


   Skills:
 - Level 2.6 Fighting
 - Level 1.7(2.0) Maces & Flails
 + Level 1.4(1.9) Staves
 - Level 1.7 Dodging
 - Level 4.5 Stealth


You couldn't memorise any spells.
You didn't know any spells.
Your spell library was empty.

Dungeon Overview and Level Annotations

Branches:
Dungeon (6/15)             Temple (0/1) D:5


Innate Abilities, Weirdness & Mutations

You have an increased reservoir of magic. (+10% MP)
You shall have no god before yourself.
Your divine heritage dramatically boosts your attributes as you level up.


Message History

You see here a +0 quarterstaff.
You see here 6 stones.
You see here a +0 mace.
A dart slug comes into view.
The dart slug moves out of view.
A dart slug is nearby!
The iguana hisses angrily.
Okay, then.
Okay, then.
Okay, then.
You thump the iguana!
The iguana is heavily wounded.
The iguana bites you!
You hit the iguana.
The iguana is heavily wounded.
The iguana bites you.
* * * LOW HITPOINT WARNING * * *
The iguana attacks as you move away! The iguana bites you.
* * * LOW HITPOINT WARNING * * *
Okay, then.
Okay, then.
You feel better. The iguana bites you.
Okay, then.
You hit the iguana but do no damage.
The iguana is heavily wounded.
The iguana barely misses you.
You aren't carrying any potions.
Unknown command.
You hit the iguana but do no damage.
The iguana is heavily wounded.
The iguana bites you.
* * * LOW HITPOINT WARNING * * *
The iguana barely misses you.
You hit the iguana.
The iguana is almost dead.
The iguana bites you but does no damage.
You barely miss the iguana.
The iguana is almost dead.
The iguana bites you!
You die...

#.........# #.#########.#
#####.##..# #.....# #.# #.##..#.
#####.# #.# #.....#.##...#.#
#.###### #....##.##...#.#
#......# ..........##...#.#
######.#
######.###....##...#.##########.#
l...>..# #....##.....#..........#
.....### #....##@..###.##########
..w..# #.....l.### #.# .....#
#....#### #.# $....### #....#
######.# ........ #....# #......#
?....##.####.## #.######
.....##...##.# #.# ###.##.#
#.#### #.##.# #.##<#


You could see an iguana.

Vanquished Creatures
  3 goblins (D:3)
  A ball python (D:4)
  A frilled lizard (D:3)
  A kobold (D:3)
  2 rats (D:3)
8 creatures vanquished.

Notes
Turn   | Place    | Note
-------+----------+-------------------------------------------
     0 | D:5      | Armakuni the Demigod Delver began the quest for the Orb.
     0 | D:5      | Reached XP level 1. HP: 18/18 MP: 3/3
     7 | D:4      | Noticed an orc wizard
     7 | D:4      | Noticed an orc priest
    17 | D:6      | Noticed a hound
    49 | D:5      | Noticed a howler monkey
    52 | D:5      | Noticed a necrophage
    96 | D:5      | Noticed an iguana
   318 | D:4      | Noticed an iguana
   373 | D:3      | Reached skill level 1 in Staves
   654 | D:4      | Slain by an iguana

Illustrated notes

Levels and vault maps discovered:
D:3:      layout_rooms
D:4:      layout_basic, jmf_multi_god_temple, gammafunk_ghost_smash,
          uniq_sigmund
D:5:      layout_loops_ring, temple_doors_e, grunt_decor_one_mirror
D:6:      layout_cave_pools

Skill      XL: |  1 |
---------------+----+-----
Staves         | 1 |  1.4
Fighting       | |  2.6
Maces & Flails | |  1.7
Dodging        | |  1.7
Stealth        | |  4.5

Action                   || total
-------------------------++-------
Melee: Quarterstaff      ||    28
  Use: Scroll            ||     5
       Potion            ||     2
Armor: Leather armour    ||     8
Dodge: Dodged            ||    15
